 Dungeon Crawl Stone Soup version 0.30-a0-3-gc9032a9cac (webtiles) character file.

Game seed: 120916147533556374

336 BritishOli the Trooper (level 6, 0/49 HPs)
             Began as a Demonspawn Fighter on Aug 20, 2022.
             Succumbed to a gnoll's poison
             ... on level 5 of the Dungeon.
             The game lasted 00:04:03 (4809 turns).

BritishOli the Trooper (Demonspawn Fighter)         Turns: 4809, Time: 00:04:04

Health: 0/49       AC:  7    Str: 19    XL:     6   Next: 28%
Magic:  6/6        EV:  9    Int:  9    God:
Gold:   206        SH:  5    Dex: 12    Spells: 5/5 levels left

rFire   . . .      SeeInvis .    a - +0 long sword
rCold   . . .      Faith    +    c - +0 buckler
rNeg    . . .      Spirit   .    b - +0 scale mail
rPois   .          Reflect  .    (no helmet)
rElec   .          Harm     .    (no cloak)
rCorr   .          Rampage  .    (no gloves)
Will    .....                    (no boots)
Stlth   ..........               r - amulet of faith
HPRegen 0.16/turn                q - ring of flight
MPRegen 0.10/turn                (no ring)

@: lethally poisoned (0 -> -11), flying
A: foul stench 3
a: no special abilities


You were on level 5 of the Dungeon.
You visited 2 branches of the dungeon, and saw 6 of its levels.

You collected 206 gold pieces.

Inventory:

Hand Weapons
 a - a +0 long sword (weapon)
Missiles
 n - 2 throwing nets (quivered)
Armour
 b - a +0 scale mail (worn)
 c - a +0 buckler (worn)
Jewellery
 q - a ring of flight (left hand)
 r - an amulet of faith (around neck)
Wands
 j - a wand of charming (6)
Scrolls
 e - a scroll of enchant armour {unknown}
 g - a scroll of teleportation {unknown}
 h - 2 scrolls of identify {unknown}
 i - 2 scrolls of butterflies {unknown}
 m - a scroll of brand weapon {unknown}
 o - a scroll of poison {unknown}
 p - a scroll of noise {unknown}
 s - a scroll of enchant weapon {unknown}
Potions
 d - 3 potions of might
 f - a potion of flight {unknown}
 k - 2 potions of ambrosia {unknown}
 l - a potion of mutation {unknown}


   Skills:
 + Level 4.3 Fighting
 + Level 3.3 Long Blades
 + Level 4.0 Armour
 + Level 3.9 Shields


You had 5 spell levels left.
You didn't know any spells.
Your spell library contained the following spells:

 Spells                   Type           Power      Damage    Failure   Level
 Freeze                   Ice            0%         1d3       83%         1
 Summon Small Mammal      Summ           0%         N/A       83%         1
 Call Canine Familiar     Summ           0%         N/A       99%         3
 Frozen Ramparts          Ice            0%         1d1       99%         3
 Summon Guardian Golem    Hex/Summ       0%         N/A       99%         3
 Hailstorm                Conj/Ice       0%         3d3       100%        4
 Orb of Destruction       Conj           0%         9d5       100%        7
 Spellforged Servitor     Conj/Summ      0%         N/A       100%        7


Dungeon Overview and Level Annotations

Branches:
Dungeon (5/15)             Temple (1/1) D:4

Altars:
Ashenzari
Cheibriados
Fedhas
Gozag
Hepliaklqana
Makhleb
Qazlal
Ru
Sif Muna
Trog
Vehumet
Wu Jian
Xom
Yredelemnul


Innate Abilities, Weirdness & Mutations

You frequently emit foul miasma when damaged in melee.


Message History

The puff of flame hits you!
There are monsters nearby!
Found 4 poisoned darts.
An orc comes into view. It is wielding a +0 dagger.
There are monsters nearby!
There are monsters nearby!
The gnoll barely misses you.
The orc shouts!
You hit the gnoll but do no damage.
You hear an angry hiss.
An orc comes into view. It is wielding a +0 trident.
You block the gnoll's attack.
You hear a shout!
The orc shouts!
You slash the gnoll!
The gnoll is severely wounded.
You hear a shout!
The gnoll hits you with a +1 spear of venom.
You are poisoned.
The gnoll hits you with a +1 spear of venom.
You are more poisoned.
You emit a cloud of foul miasma!
You block the orc wizard's attack. The gnoll attacks as you move away!
You block the gnoll's attack.
The orc wizard attacks as you move away!
The orc wizard hits you with a +0 dagger.
You emit a cloud of foul miasma!
You feel very sick.
An orc priest comes into view. It is wielding a +0 club.
The orc wizard is engulfed in dark miasma.
The orc wizard is poisoned.
The gnoll is engulfed in dark miasma.
The gnoll is poisoned.
You kill the gnoll!
Your Armour skill increases to level 4!
You feel very sick.
The orc priest shouts!
You feel very sick.
The orc priest calls down the wrath of Beogh upon you.
Beogh smites you!
* * * LOW HITPOINT WARNING * * *
You die...

#.....o.P..P .
#.......o... ..
#........... ..
#...o.......
#.###...o.......
#...#....○......
#..oo..°...(..
###.###.......
#@# ####### #.#
#.# #.## #..#
#######'#####
#...........#
#........##.#
#........#


You could see an orc wizard (poisoned) and 3 orcs.

Vanquished Creatures
  A scorpion (D:4)
  A jelly (D:4)
  A gnoll bouda (D:4)
  Ijyb (D:3)
  An orc wizard (D:3)
  2 gnolls
  6 adders
  An ufetubus (D:5)
  4 worms
  A dart slug (D:3)
  4 orcs (D:3)
  8 ball pythons
  4 bats
  5 endoplasms
  3 giant cockroaches
  5 goblins (D:3)
  11 hobgoblins
  4 jackals
  3 kobolds
  4 quokkas
  3 frilled lizards
  5 rats
78 creatures vanquished.

Vanquished Creatures (others)
  24 plants
24 creatures vanquished.

Grand Total: 102 creatures vanquished

Notes
Turn   | Place    | Note
-------+----------+-------------------------------------------
     0 | D:1      | BritishOli the Demonspawn Fighter began the quest for the
                  | Orb.
     0 | D:1      | Reached XP level 1. HP: 18/18 MP: 1/1
   441 | D:1      | Gained mutation: You may rarely emit foul miasma when
                  | damaged in melee. [demonic ancestry]
   441 | D:1      | Reached XP level 2. HP: 13/24 MP: 2/2
   623 | D:1      | You fall into a shaft and drop 1 floor!
  1075 | D:2      | Reached XP level 3. HP: 29/29 MP: 3/3
  1612 | D:2      | Gained mutation: You sometimes emit foul miasma when
                  | damaged in melee. [demonic ancestry]
  1612 | D:2      | Reached XP level 4. HP: 23/35 MP: 4/4
  1807 | D:2      | Found the +6 shillelagh "Devastator" {shatter}
  2619 | D:3      | Noticed Ijyb
  2632 | D:3      | Killed Ijyb
  2633 | D:3      | Reached XP level 5. HP: 28/42 MP: 5/5
  2994 | D:3      | Found a stormy altar of Qazlal.
  2996 | D:3      | Found a blossoming altar of Fedhas.
  3206 | D:3      | Found a shimmering altar of Xom.
  3209 | D:3      | Found a radiant altar of Vehumet.
  3209 | D:3      | Found an ornate altar of the Wu Jian Council.
  3211 | D:3      | Found a bloodstained altar of Trog.
  3211 | D:3      | Found a burning altar of Makhleb.
  3211 | D:3      | Found an ornate altar of the Wu Jian Council.
  4161 | D:4      | Gained mutation: You frequently emit foul miasma when
                  | damaged in melee. [demonic ancestry]
  4161 | D:4      | Reached XP level 6. HP: 42/48 MP: 6/6
  4203 | D:4      | Found a broken altar of Ashenzari.
  4225 | D:4      | Found a staircase to the Ecumenical Temple.
  4358 | D:5      | Entered Level 5 of the Dungeon
  4390 | Temple   | Entered the Ecumenical Temple
  4808 | D:5      | HP: 2/49 [orc priest/divine providence (15)]
  4809 | D:5      | Succumbed to a gnoll's poison

Illustrated notes

Levels and vault maps discovered:
D:1:      ncdulo_lavacross, layout_basic
D:2:      layout_basic
D:3:      layout_basic, grunt_temple_overflow_forces_of_nature,
          doesnt_xom_only_xom, grunt_ministairs_14, minmay_goblin_outpost,
          uniq_ijyb
D:4:      layout_cave_pools, lemuel_crystal_altar,
          minmay_temple_entry_gardened_gates
D:5:      layout_basic, mainiacjoe_overflow_surrounded_room,
          mainiacjoe_overflow_cross_hatched
Temple:   nicolae_temple_superstar

Skill      XL: |  1  2  3  4  5  6 |
---------------+-------------------+-----
Long Blades    | 2 3 |  3.3
Armour         | 3 4 |  4.0
Shields        | 3 |  3.9
Fighting       | 4 |  4.3

Action                   |  1- 3 |  4- 6 || total
-------------------------+-------+-------++-------
Melee: Long sword        |   104 |   182 ||   286
Armor: Scale mail        |    65 |    78 ||   143
Dodge: Dodged            |    88 |    95 ||   183
Block: Buckler           |    21 |    67 ||    88

Table legend: (Time is in decaauts)
 A = Elapsed time spent in this place.
 B = Non-inter-level travel time spent in this place.
 C = Inter-level travel time spent in this place.
 D = Time resting spent in this place.
 E = Time spent auto-exploring this place.
 F = Levels seen in this place.
 G = Mean time per level.
                   A        B        C        D        E       F      G
               +--------+--------+--------+--------+--------+-----+--------+
         Total |   4898 |   4660 |    238 |    844 |   3149 |   6 |  816.3 |
       Dungeon |   4796 |   4572 |    224 |    844 |   3069 |   5 |  959.2 |
        Temple |    101 |     88 |     13 |      0 |     80 |   1 |  101.0 |
               +--------+--------+--------+--------+--------+-----+--------+

Top non-repeatable levels by time:
     D:2: 1684 daAuts
     D:3: 1579 daAuts
     D:4: 791 daAuts
     D:1: 635 daAuts
     D:5: 106 daAuts
  Temple: 101 daAuts
